 Dungeon Crawl Stone Soup version 0.29.1-2-gbd0b4ee654 (webtiles) character file.

Game seed: 16688992779238121622

7617 mydica the Thaumaturge (level 10, -5/50 HPs)
             Began as a Deep Elf Conjurer on Nov 26, 2022.
             Was an Elder of Vehumet.
             Shot with an arrow by a centaur warrior (17 damage)
             ... on level 10 of the Dungeon.
             The game lasted 01:44:34 (12725 turns).

mydica the Thaumaturge (Deep Elf Conjurer)         Turns: 12725, Time: 01:44:35

Health: -5/50      AC:  8    Str:  7    XL:     10   Next: 98%
Magic:  10/30      EV: 13    Int: 32    God:    Vehumet [****..]
Gold:   139        SH:  0    Dex:  8    Spells: 14/37 levels left

rFire   + . .      SeeInvis +   Y - +6 spear of Fragile Peace {freeze, rF+ Str+3 Int+4 Dex-5}
rCold   . . .      Faith    .   (no shield)
rNeg    + . .      Spirit   .   K - +1 robe {rN+}
rPois   .          Reflect  .   (no helmet)
rElec   .          Harm     .   P - +2 cloak
rCorr   +          Rampage  .   u - +1 Delatra's gloves {ID++}
Will    +....                   (no boots)
Stlth   ++........              (no amulet)
HPRegen 0.16/turn               t - ring of see invisible
MPRegen 0.22/turn               N - ring of resist corrosion

@: no status effects
A: no striking features
a: Renounce Religion


You were on level 10 of the Dungeon.
You worshipped Vehumet.
Vehumet was greatly pleased with you.
You visited 2 branches of the dungeon, and saw 11 of its levels.

You collected 452 gold pieces.
You spent 313 gold pieces at shops.

Inventory:

Hand Weapons
 y - a +2 whip of flaming
 Y - the +6 spear of Fragile Peace (weapon) {freeze, rF+ Str+3 Int+4 Dex-5}
   (You found it on level 9 of the Dungeon)

   It freezes those it strikes, dealing additional cold damage.
   It can also slow down cold-blooded creatures.
   Str:       It affects your strength (+3).
   Int:       It affects your intelligence (+4).
   Dex:       It affects your dexterity (-5).
   rF:        It protects you from fire.
Armour
 c - the +6 chain mail "Herphas" {Regen+ Dex-5 Slay+5}
   (You found it on level 9 of the Dungeon)

   Dex:       It affects your dexterity (-5).
   Slay:      It affects your accuracy & damage with ranged weapons and melee
   (+5).
   Regen:     It increases your rate of health regeneration.
 i - a +3 leather armour
 u - the +1 Delatra's gloves (worn) {ID++}
   (You bought it in a shop on level 3 of the Dungeon)

   It heals its wearer when they drink unknown potions.
   It restores its wearer's MP when they read unknown scrolls.
 B - the +7 Kryia's mail coat {PotionHeal*2 rC+}
   (You found it on level 4 of the Dungeon)

   Potions are twice as effective at healing its wearer.
   rC:        It protects you from cold.
 K - a +1 robe of positive energy (worn)
 L - a +1 robe of fire resistance
 P - a +2 cloak (worn)
 X - a +0 troll leather armour
Magical Staves
 F - a staff of earth
Jewellery
 t - a ring of see invisible (left hand)
 J - the ring of Compassion {rElec rN+ Str-3 Dex-4 SInv}
   (You took it off Sigmund on level 6 of the Dungeon)

   [ring of positive energy]

   Str:       It affects your strength (-3).
   Dex:       It affects your dexterity (-4).
   rElec:     It insulates you from electricity.
   rN:        It protects you from negative energy.
   SInv:      It lets you see invisible.
 N - a ring of resist corrosion (right hand)
Wands
 H - a wand of acid (10)
 I - a wand of roots (12)
 T - a wand of flame (19)
 U - a wand of paralysis (15)
Scrolls
 a - a scroll of summoning {unknown}
 d - 2 scrolls of immolation {unknown}
 g - 2 scrolls of amnesia {unknown}
 j - a scroll of butterflies {unknown}
 k - 4 scrolls of blinking
 q - 6 scrolls of fear
 z - 5 scrolls of teleportation
 C - a scroll of enchant weapon {unknown}
 E - 2 scrolls of magic mapping {unknown}
 G - 2 scrolls of silence {unknown}
 M - a scroll of vulnerability {unknown}
 S - a scroll of poison {unknown}
 V - a scroll of enchant armour {unknown}
 W - 2 scrolls of identify
Potions
 b - 2 potions of magic
 e - a potion of resistance {unknown}
 f - a potion of heal wounds
 n - 2 potions of might {unknown}
 s - 2 potions of haste
 v - a potion of invisibility {unknown}
 w - 2 potions of curing
 x - a potion of cancellation {unknown}
 D - 2 potions of flight
 O - a potion of brilliance {unknown}
 Q - 2 potions of mutation {unknown}


   Skills:
 + Level 7.2 Dodging
 - Level 2.4 Stealth
 - Level 14.0 Spellcasting
 - Level 10.0 Conjurations
 - Level 5.0 Hexes
 * Level 3.2 Summonings
 - Level 3.0 Translocations
 - Level 5.0 Air Magic
 - Level 4.0 Poison Magic


You had 14 spell levels left.
You knew the following spells:

 Your Spells              Type           Power      Damage    Failure   Level
a - Magic Dart            Conj           100%       1d8       1%          1
b - Dazzling Flash        Conj/Hex       100%       N/A       1%          3
c - Fulminant Prism       Conj/Hex       31%        3d16      1%          4
d - Searing Ray           Conj           100%       2d8       1%          2
e - Iskenderun's Mystic   Conj/Tloc      59%        2d12      1%          4
f - Lightning Bolt        Conj/Air       31%        1d48      1%          5
g - Olgreb's Toxic Radia  Pois           48%        N/A       1%          4

Your spell library contained the following spells:

 Spells                   Type           Power      Damage    Failure   Level
 Freeze                   Ice            88%        1d10      1%          1
 Sandblast                Erth           44%        2d11      1%          1
 Summon Small Mammal      Summ           100%       N/A       1%          1
 Call Imp                 Summ           43%        N/A       1%          2
 Call Canine Familiar     Summ           43%        N/A       1%          3
 Confusing Touch          Hex            53%        N/A       1%          3
 Frozen Ramparts          Ice            44%        1d7       1%          3
 Mephitic Cloud           Conj/Pois/Air  58%        N/A       1%          3
 Stone Arrow              Conj/Erth      100%       3d13      1%          3
 Summon Guardian Golem    Hex/Summ       48%        N/A       1%          3
 Airstrike                Air            26%        2d(4-20)  1%          4
 Hailstorm                Conj/Ice       53%        3d12      1%          4
 Passwall                 Tmut/Erth      18%        N/A       3%          2
 Sublimation of Blood     Necr           22%        N/A       3%          2
 Wereblood                Tmut           22%        N/A       3%          2
 Summon Lightning Spire   Summ/Air       48%        N/A       3%          4
 Yara's Violent Unravell  Hex/Tmut       19%        3d9       5%          5
 Animate Dead             Necr           22%        N/A       21%         4
 Borgnjor's Vile Clutch   Necr/Erth      11%        N/A       50%         5
 Enfeeble                 Hex            26%        N/A       91%         7
 Death Channel            Necr           11%        N/A       97%         6
 Summon Hydra             Summ           21%        N/A       99%         7
 Haunt                    Necr/Summ      16%        N/A       100%        7


Dungeon Overview and Level Annotations

Branches:
Dungeon (10/15)            Temple (1/1) D:4            Lair (0/5) D:9
    Orc: D:9-12

Altars:
Ashenzari
Cheibriados
Dithmenos
Elyvilon
Fedhas
Gozag
Hepliaklqana
Kikubaaqudgha
Makhleb
Nemelex Xobeh
Okawaru
Qazlal
Ru
Sif Muna
Trog
Uskayaw
Vehumet
Wu Jian
Yredelemnul
Zin
The Shining One

Shops:
D:3 *   D:7 *

Annotations:
D:2 1 runed translucent door, Crazy Yiuf


Message History

Aiming: Fulminant Prism (safe; 1% risk of failure)
Press: ? - help, Dir - move target You conjure a prism of explosive energy!
The killer bee buzzes angrily.
A fulminant prism comes into view.
Aiming: Magic Dart (safe; 1% risk of failure)
Press: ? - help, Q - select action, (/) - cycle Shift-Dir - straight line, f - killer bee
Aim: a killer bee (ally target, 100% to hit)
The magic dart hits the killer bee.
The killer bee is moderately wounded.
Your fulminant prism crackles loudly.
Aiming: Magic Dart (safe; 1% risk of failure)
Press: ? - help, Q - select action, (/) - cycle Shift-Dir - straight line, f/p - killer bee
Aim: a killer bee (moderately wounded, ally target, 100% to hit)
The magic dart hits the killer bee.
The killer bee is heavily wounded.
Your fulminant prism explodes!
The killer bee stings you.
Aiming: Magic Dart (safe; 1% risk of failure)
Press: ? - help, Q - select action, (/) - cycle Shift-Dir - straight line, f/p - killer bee
Aim: a killer bee (heavily wounded, 100% to hit)
The magic dart hits the killer bee but does no damage.
The killer bee is heavily wounded.
The killer bee stings you but does no damage.
The killer bee stings you.
Casting: Magic Dart (safe; 1% risk of failure)
Confirm with . or Enter, or press ? or * to list all spells.
You erupt in a blast of force!
The mystic blast hits the killer bee!
You kill the killer bee!
Vehumet accepts your kill.
Unknown command.
You start resting.
A centaur warrior comes into view.
The centaur warrior wields a +0 shortbow.
The centaur warrior shoots an arrow.
The arrow barely misses you.
The centaur warrior shoots an arrow.
The arrow hits you!
The centaur warrior shoots an arrow.
The arrow hits you!!
* * * LOW HITPOINT WARNING * * *
The centaur warrior shoots an arrow.
The arrow hits you!
You die...

#.# #..........#
#.# #..........##
#.#####...c........
#..................
#.........[........
#.#####......)(....
#..........†.......
#..................
#..@........†.[....
#.<#########.######
#..# .# #..# .#
#... .. ####


You could see a centaur warrior.

Vanquished Creatures
  An elephant (D:9)
  Maggie (D:8)
  A troll (D:9)
  Grinder (D:6)
  Sigmund (D:6)
  A wraith (D:9)
  9 yaks
  A shadow (D:9)
  A basilisk (D:9)
  2 steam dragons
  Menkaure (D:7)
  A water moccasin (D:7)
  Duvessa (D:4)
  An orc warrior (D:9)
  A sky beast (D:7)
  An ice beast (D:7)
  2 black bears
  4 centaurs
  2 phantoms
  5 ogres
  A kobold brigand (D:7)
  5 bullfrogs
  Blork the orc (D:6)
  4 scorpions
  A wyvern zombie (D:5)
  3 necrophages
  2 gnoll sergeants
  Dowan (D:4)
  13 killer bees
  A vampire bat (D:5)
  4 howler monkeys
  3 hounds
  3 jellies
  2 bullfrog zombies (D:5)
  3 orc priests
  3 iguanas
  A scorpion zombie (D:5)
  7 orc wizards
  A killer bee zombie (D:5)
  7 adders
  10 gnolls
  2 shadow imps
  3 white imps
  2 worms
  A dart slug (D:1)
  28 orcs
  2 bat skeletons (D:5)
  2 bat zombies (D:5)
  5 endoplasms
  2 giant cockroaches
  3 goblins
  2 hobgoblins
  4 jackals
  12 kobolds
  4 quokkas
  6 ball pythons
  5 bats
  3 frilled lizards
  5 rats
  2 fulminant prisms (D:6)
207 creatures vanquished.

Vanquished Creatures (others)
  A wizard (D:8)
  63 fulminant prisms
  2 plants (D:9)
66 creatures vanquished.

Grand Total: 273 creatures vanquished

Notes
Turn   | Place    | Note
-------+----------+-------------------------------------------
     0 | D:1      | mydica the Deep Elf Conjurer began the quest for the Orb.
     0 | D:1      | Reached XP level 1. HP: 10/10 MP: 6/6
   336 | D:1      | Found a faded altar of an unknown god.
   338 | D:1      | Noticed an eye of devastation
   339 | D:1      | Noticed a shining eye
   339 | D:1      | Noticed a shining eye
   339 | D:1      | Noticed a shining eye
   381 | D:1      | Reached XP level 2. HP: 15/15 MP: 6/8
  1473 | D:2      | Reached skill level 4 in Spellcasting
  1567 | D:2      | Reached XP level 3. HP: 19/19 MP: 6/10
  1671 | D:2      | Found a runed translucent door.
  1672 | D:2      | Noticed Crazy Yiuf
  1674 | D:2      | Identified the +5 hammer "Gufo" {freeze, Will+ rCorr}
  2090 | D:3      | Found Mimaa's General Store.
  2106 | D:3      | Bought the +1 Delatra's gloves {ID++} for 120 gold pieces
  2106 | D:3      | Found the +1 Delatra's gloves {ID++}
  2106 | D:3      | Bought a scroll of fear for 48 gold pieces
  2275 | D:3      | Found an ornate altar of the Wu Jian Council.
  2478 | D:3      | Reached skill level 5 in Spellcasting
  2766 | D:3      | Reached skill level 5 in Conjurations
  3111 | D:4      | Found the +7 Kryia's mail coat {PotionHeal*2 rC+}
  3116 | D:4      | Noticed Duvessa
  3135 | D:4      | Killed Duvessa
  3135 | D:4      | Noticed Dowan
  3136 | D:4      | Reached XP level 4. HP: 9/24 MP: 1/13
  3136 | D:4      | Reached XP level 5. HP: 10/28 MP: 1/14
  3393 | D:4      | Noticed an ogre
  3397 | D:4      | Found a staircase to the Ecumenical Temple.
  3407 | Temple   | Entered the Ecumenical Temple
  3679 | Temple   | Became a worshipper of Vehumet
  3723 | D:4      | Killed Dowan
  3724 | D:4      | Reached skill level 1 in Hexes
  3898 | D:4      | Reached XP level 6. HP: 18/32 MP: 4/15
  4324 | D:4      | Found a blossoming altar of Fedhas.
  4450 | D:4      | Learned a level 3 spell: Dazzling Flash
  4654 | D:4      | Reached XP level 7. HP: 36/36 MP: 8/17
  4659 | D:4      | Learned a level 4 spell: Fulminant Prism
  4662 | D:4      | Learned a level 2 spell: Searing Ray
  4922 | D:4      | Found a sparkling altar of Nemelex Xobeh.
  5146 | D:4      | Reached skill level 6 in Spellcasting
  5225 | D:5      | Entered Level 5 of the Dungeon
  5580 | D:5      | Reached skill level 7 in Spellcasting
  5732 | D:5      | Found an ancient bone altar of Kikubaaqudgha.
  5823 | D:5      | Found a faded altar of an unknown god.
  5867 | D:5      | Reached skill level 1 in Translocations
  5999 | D:5      | Learned a level 4 spell: Iskenderun's Mystic Blast
  6144 | D:5      | Reached * piety under Vehumet
  6144 | D:5      | Offered knowledge of Shock by Vehumet.
  6456 | D:5      | Reached XP level 8. HP: 41/41 MP: 12/20
  6859 | D:5      | Found a basalt altar of Yredelemnul.
  7026 | D:6      | Noticed Grinder
  7028 | D:6      | Paralysed by Grinder for 3 turns
  7038 | D:6      | Paralysed by Grinder for 5 turns
  7064 | D:6      | Killed Grinder
  7065 | D:6      | Reached skill level 10 in Conjurations
  7233 | D:6      | Reached skill level 5 in Hexes
  7665 | D:6      | Reached skill level 8 in Spellcasting
  7758 | D:6      | Identified the ring of Compassion {rElec rN+ Str-3 Dex-4
                  | SInv}
  7758 | D:6      | Noticed Sigmund
  7763 | D:6      | Killed Sigmund
  7764 | D:6      | Reached skill level 9 in Spellcasting
  7764 | D:6      | Reached XP level 9. HP: 40/45 MP: 10/24
  7880 | D:6      | Found a burning altar of Makhleb.
  8134 | D:6      | Reached skill level 10 in Spellcasting
  8179 | D:6      | Noticed Blork the orc
  8184 | D:6      | Killed Blork the orc
  8200 | D:6      | Offered knowledge of Freeze by Vehumet.
  8352 | D:6      | Reached ** piety under Vehumet
  8487 | D:6      | Found a hazy altar of Hepliaklqana.
  8487 | D:6      | Found a hide-covered altar of Uskayaw.
  8584 | D:7      | Noticed Menkaure
  8588 | D:7      | Killed Menkaure
  8589 | D:7      | Reached skill level 5 in Dodging
  8654 | D:7      | Reached skill level 1 in Air Magic
  8802 | D:7      | Found Dioz's Assorted Antiques.
  8816 | D:7      | Bought a potion of heal wounds for 145 gold pieces
  9433 | D:7      | Reached skill level 11 in Spellcasting
  9545 | D:7      | Learned a level 5 spell: Lightning Bolt
  9600 | D:7      | Reached XP level 10. HP: 50/50 MP: 13/27
  9790 | D:7      | Reached skill level 12 in Spellcasting
  9796 | D:7      | Got the Codex of the Pure Suns
 10005 | D:7      | Found a shimmering blue altar of Sif Muna.
 10062 | D:8      | Offered knowledge of Static Discharge by Vehumet.
 10454 | D:8      | Reached *** piety under Vehumet
 10473 | D:8      | Noticed Maggie
 10477 | D:8      | Killed Maggie
 10478 | D:8      | Reached skill level 5 in Air Magic
 10611 | D:8      | Found a bloodstained altar of Trog.
 10613 | D:8      | Noticed a wizard
 10626 | D:8      | Paralysed by an orc for 5 turns
 10672 | D:8      | Reached skill level 13 in Spellcasting
 11148 | D:8      | Killed a wizard
 11387 | D:9      | Offered knowledge of Olgreb's Toxic Radiance by Vehumet.
 11393 | D:9      | Learned a level 4 spell: Olgreb's Toxic Radiance
 11424 | D:9      | Reached skill level 14 in Spellcasting
 11424 | D:9      | Reached skill level 1 in Poison Magic
 11640 | D:9      | Found a staircase to the Lair.
 11651 | D:9      | Noticed an elephant
 11655 | D:9      | Killed an elephant
 11790 | D:9      | Found an opulent altar of Gozag.
 11803 | D:9      | Identified the +6 spear of Fragile Peace {freeze, rF+ Str+3
                  | Int+4 Dex-5}
 12150 | D:9      | Found a stormy altar of Qazlal.
 12163 | D:9      | Reached skill level 1 in Summonings
 12563 | D:9      | Identified the +6 chain mail "Herphas" {Regen+ Dex-5
                  | Slay+5}
 12673 | D:10     | Entered Level 10 of the Dungeon
 12707 | D:10     | Reached **** piety under Vehumet
 12717 | D:10     | Noticed a centaur warrior
 12725 | D:10     | Shot with an arrow by a centaur warrior

Illustrated notes

Levels and vault maps discovered:
D:1:      zelgadis_glass_arrival_small, layout_basic,
          hellmonk_ecumenical_altar_watching_god, chequers_big_river
D:2:      layout_rooms, uniq_crazy_yiuf_cottage
D:3:      layout_basic, nicolae_wu_jian_wuxing_cycle, serial_shops,
          nicolae_shop_waterfront
D:4:      layout_cave_pools, lemuel_doored_altar, fedhas_ov_isle_minmay,
          minmay_temple_entry_arrows, uniq_duvessa
D:5:      layout_cave_pools, kennysheep_vampire_church,
          nicolae_yredelemnul_corpse_copse, serial_column_ruins,
          column_ruins_temple_hut, column_ruins_open_tiny,
          column_ruins_open_tiny, column_ruins_corridor_water,
          column_ruins_open_medium, column_ruins_corridor_straight,
          column_ruins_grid_4, column_ruins_open_medium, dk_noncrumbling_3
D:6:      layout_loops_cross, bloody_makhleb,
          gammafunk_temple_overflow_elements, dk_noncrumbling_4, uniq_grinder,
          uniq_blork_the_orc, uniq_sigmund
D:7:      layout_basic, nicolae_sif_muna_little_library, serial_shops,
          shop_fountains, minmay_bent, uniq_menkaure
D:8:      layout_cave_pools, trog_wizard, uniq_maggie
D:9:      layout_irregular_city, grunt_gozag_statues, grunt_qazlal_clouds,
          david_lair_generic
D:10:     minmay_the_grid_octo_2x2 [minmay_the_grid_octo_checkered,
          minmay_the_grid_octo_clover_2, minmay_the_grid_octo_concentric,
          minmay_the_grid_octo_prize_big_c], layout_long_grid,
          amcnicky_altar_gilded
Temple:   grunt_temple_mini_profane

Skill      XL: |  1  2  3  4  5  6  7  8  9 10 |
---------------+-------------------------------+-----
Spellcasting   | 4 5 7 9 11 14 | 14.0
Conjurations   | 6 7 8 9 10 | 10.0
Hexes          | 2 3 5 |  5.0
Translocations | 2 3 |  3.0
Dodging        | 6 7 |  7.2
Air Magic      | 4 5 |  5.0
Poison Magic   | 4 |  4.0
Summonings     | 3 |  3.2
Stealth        | |  2.4

Action                   |  1- 3 |  4- 6 |  7- 9 | 10-12 || total
-------------------------+-------+-------+-------+-------++-------
Melee: Short sword       |     6 |       |       |       ||     6
       Whip              |     3 |     1 |     7 |     1 ||    12
 Cast: Magic Dart        |    85 |    69 |   272 |    80 ||   506
       Fulminant Prism   |       |       |    30 |    35 ||    65
       Searing Ray       |       |       |    14 |     3 ||    17
       Dazzling Flash    |       |       |     2 |       ||     2
       Iskenderun's Myst |       |       |    13 |    12 ||    25
       Lightning Bolt    |       |       |       |    14 ||    14
       Olgreb's Toxic Ra |       |       |       |     2 ||     2
  Use: Potion            |     1 |     1 |     1 |     2 ||     5
       Scroll            |       |       |     6 |     1 ||     7
Armor: Leather armour    |     9 |    13 |    47 |       ||    69
       Skin              |       |     7 |       |       ||     7
       Robe              |       |       |     3 |    13 ||    16
Dodge: Dodged            |    16 |    13 |    64 |    34 ||   127
